| TOP OF THE 1ST |
|
Cincinnati (NYP) Reds batting - Pitching for Williamsport Crosscutters : RHP Danny Dean
|
|
Pitching: RHP Danny Dean
|
|
|
Batting: RHB Adrian Billups
|
0-0: Called Strike 0-1: Foul Ball, location: 2F 0-2: Ball 1-2: Strikes out swinging
|
|
Batting: SHB Cesar Pelayo
|
0-0: Called Strike 0-1: Ground out 6-3 (Groundball, 6, EV 91.9 MPH)
|
|
Batting: RHB Andy Bachman
|
0-0: Ball 1-0: Called Strike 1-1: Ball 2-1: Ground out 4-3 (Groundball, 4, EV 76.9 MPH)
|
| Top of the 1st over - 0 runs, 0 hits, 0 errors, 0 left on base; Cincinnati (NYP) 0 - Williamsport 0 |
| BOTTOM OF THE 1ST |
|
Williamsport Crosscutters batting - Pitching for Cincinnati (NYP) Reds : RHP David Alferez
|
|
Pitching: RHP David Alferez
|
|
|
Batting: RHB Eddie Serna
|
0-0: Called Strike 0-1: Ground out 6-3 (Groundball, 6, EV 108.1 MPH)
|
|
Batting: LHB Ryan Young
|
0-0: Called Strike 0-1: Called Strike 0-2: Strikes out swinging, 2-3 out at first.
|
|
Batting: LHB Jean-Claude Vanbiesbrouck
|
0-0: Called Strike 0-1: Foul Ball, location: 2F 0-2: Foul Ball, location: 2F 0-2: Ball 1-2: Foul Ball, location: 2F 1-2: Strikes out swinging
|
| Bottom of the 1st over - 0 runs, 0 hits, 0 errors, 0 left on base; Cincinnati (NYP) 0 - Williamsport 0 |
| TOP OF THE 2ND |
|
Cincinnati (NYP) Reds batting - Pitching for Williamsport Crosscutters : RHP Danny Dean
|
|
Batting: RHB Chris Christaldi
|
0-0: Called Strike 0-1: Ball 1-1: Ball 2-1: Ball 3-1: Base on Balls
|
|
Batting: LHB Alex Ramos
|
0-0: Ball 1-0: Ball 2-0: Swinging Strike 2-1: Foul Ball, location: 2F 2-2: Foul Ball, location: 2F 2-2: Strikes out swinging
|
|
Batting: LHB Fernando Gomez
|
0-0: Called Strike Chris Christaldi is caught stealing 2nd base 2-6 0-1: Foul Ball, location: 2F 0-2: Ball 1-2: Foul Ball, location: 2F 1-2: Strikes out swinging
|
| Top of the 2nd over - 0 runs, 0 hits, 0 errors, 0 left on base; Cincinnati (NYP) 0 - Williamsport 0 |
| BOTTOM OF THE 2ND |
|
Williamsport Crosscutters batting - Pitching for Cincinnati (NYP) Reds : RHP David Alferez
|
|
Batting: LHB Dennis French
|
0-0: Called Strike 0-1: Fly out, F4 (Flyball, 34D, EV 89.4 MPH)
|
|
Batting: RHB Teh-huai Jiang
|
0-0: Ball 1-0: Foul Ball, location: 2F 1-1: Foul Ball, location: 2F 1-2: Foul Ball, location: 2F 1-2: Ground out 4-3 (Groundball, 4, EV 111.2 MPH)
|
|
Batting: RHB Joel Gomez
|
0-0: Fly out, F6 (Popup, 6, EV 77.5 MPH)
|
| Bottom of the 2nd over - 0 runs, 0 hits, 0 errors, 0 left on base; Cincinnati (NYP) 0 - Williamsport 0 |
| TOP OF THE 3RD |
|
Cincinnati (NYP) Reds batting - Pitching for Williamsport Crosscutters : RHP Danny Dean
|
|
Batting: RHB Yutaka Sato
|
0-0: Called Strike 0-1: Foul Ball, location: 2F 0-2: Ball 1-2: Strikes out swinging
|
|
Batting: RHB Emanuel Estrada
|
0-0: Ball 1-0: SINGLE (Line Drive, 4MD, EV 108.8 MPH)
|
|
Batting: LHB Mike Becerra
|
0-0: Foul Ball, location: 2F 0-1: Ball 1-1: Ball 2-1: Fly out, F8 (Flyball, 8LD, EV 102.5 MPH)
|
|
Batting: RHB Adrian Billups
|
0-0: Ball Emanuel Estrada is caught stealing 2nd base 2-4
|
| Top of the 3rd over - 0 runs, 1 hit, 0 errors, 0 left on base; Cincinnati (NYP) 0 - Williamsport 0 |
| BOTTOM OF THE 3RD |
|
Williamsport Crosscutters batting - Pitching for Cincinnati (NYP) Reds : RHP David Alferez
|
|
Batting: LHB Bryant Dill
|
0-0: Ground out U3 (Groundball, 3L, EV 81.2 MPH)
|
|
Batting: RHB Steve Kirby
|
0-0: Ball 1-0: Ball 2-0: SINGLE (Groundball, 6MD, EV 105.6 MPH)
|
|
Batting: RHB Allen Deschamps
|
0-0: Called Strike 0-1: Ball 1-1: Ball Wild Pitch! Steve Kirby to second 2-1: Called Strike 2-2: Foul Ball, location: 2F 2-2: Ball 3-2: Ground out 5-3 (Groundball, 56S, EV 83.1 MPH)
|
|
Batting: RHB Eddie Serna
|
0-0: Ball 1-0: Called Strike 1-1: Ball 2-1: Ball 3-1: Foul Ball, location: 2F 3-2: Base on Balls
|
|
Batting: LHB Ryan Young
|
0-0: Ball 1-0: Ball 2-0: Called Strike 2-1: Ball 3-1: Ground out 4-3 (Groundball, 34D, EV 78.8 MPH)
|
| Bottom of the 3rd over - 0 runs, 1 hit, 0 errors, 2 left on base; Cincinnati (NYP) 0 - Williamsport 0 |
| TOP OF THE 4TH |
|
Cincinnati (NYP) Reds batting - Pitching for Williamsport Crosscutters : RHP Danny Dean
|
|
Batting: RHB Adrian Billups
|
0-0: Ball 1-0: Called Strike 1-1: Swinging Strike 1-2: Foul Ball, location: 2F 1-2: Ball 2-2: Ball 3-2: Strikes out looking
|
|
Batting: SHB Cesar Pelayo
|
0-0: Called Strike 0-1: Ball 1-1: Ball 2-1: Ground out 6-3 (Groundball, 6, EV 93.1 MPH)
|
|
Batting: RHB Andy Bachman
|
0-0: Ball 1-0: Ball 2-0: Ball 3-0: SINGLE (Flyball, 89S, EV 91.9 MPH)
|
|
Batting: RHB Chris Christaldi
|
0-0: Ball 1-0: Ground out 4-3 (Groundball, 4, EV 82.5 MPH)
|
| Top of the 4th over - 0 runs, 1 hit, 0 errors, 1 left on base; Cincinnati (NYP) 0 - Williamsport 0 |
| BOTTOM OF THE 4TH |
|
Williamsport Crosscutters batting - Pitching for Cincinnati (NYP) Reds : RHP David Alferez
|
|
Batting: LHB Jean-Claude Vanbiesbrouck
|
0-0: Ball 1-0: Swinging Strike 1-1: Ball 2-1: Ball 3-1: Ground out 4-3 (Groundball, 4, EV 86.9 MPH)
|
|
Batting: LHB Dennis French
|
0-0: Fly out, F7 (Line Drive, 7LM, EV 91.9 MPH)
|
|
Pitching: RHP Toby Riley
|
|
|
Batting: RHB Teh-huai Jiang
|
0-0: SOLO HOME RUN (Flyball, 78XD, EV 105.0 MPH), Distance : 404 ft
|
|
Batting: RHB Joel Gomez
|
0-0: Foul Ball, location: 2F 0-1: Ball 1-1: Ball 2-1: Called Strike 2-2: Ball 3-2: Base on Balls
|
|
Batting: LHB Bryant Dill
|
0-0: Called Strike 0-1: Ball 1-1: Fly out, F9 (Flyball, 9, EV 91.9 MPH)
|
| Bottom of the 4th over - 1 run, 1 hit, 0 errors, 1 left on base; Cincinnati (NYP) 0 - Williamsport 1 |
| TOP OF THE 5TH |
|
Cincinnati (NYP) Reds batting - Pitching for Williamsport Crosscutters : RHP Danny Dean
|
|
Batting: LHB Alex Ramos
|
0-0: Ball 1-0: Hit by Pitch
|
|
Batting: LHB Fernando Gomez
|
0-0: Foul Ball, location: 2F 0-1: Ball 1-1: SINGLE (Line Drive, 78S, EV 88.8 MPH) Alex Ramos to second
|
|
Batting: RHB Yutaka Sato
|
0-0: Fly out, F8 (Flyball, 8RM, EV 91.2 MPH)
|
|
Batting: RHB Emanuel Estrada
|
0-0: Called Strike 0-1: Swinging Strike 0-2: Strikes out swinging
|
|
Batting: LHB Mike Becerra
|
0-0: DOUBLE (Line Drive, 5D, EV 103.8 MPH) Alex Ramos scores Fernando Gomez to third Runner from 3rd tries for Home, SAFE, no throw by LF
|
|
Batting: RHB Adrian Billups
|
0-0: Ground out U3 (Groundball, 3L, EV 88.1 MPH)
|
| Top of the 5th over - 2 runs, 2 hits, 0 errors, 1 left on base; Cincinnati (NYP) 2 - Williamsport 1 |
| BOTTOM OF THE 5TH |
|
Williamsport Crosscutters batting - Pitching for Cincinnati (NYP) Reds : RHP Toby Riley
|
|
Batting: RHB Steve Kirby
|
0-0: Ball 1-0: Ball 2-0: Ball 3-0: Called Strike 3-1: Called Strike 3-2: Foul Ball, location: 2F 3-2: Foul Ball, location: 2F 3-2: Fly out, F8 (Flyball, 8RM, EV 78.1 MPH)
|
|
Batting: RHB Allen Deschamps
|
0-0: Called Strike 0-1: Ball 1-1: Ground out 6-3 (Groundball, 6, EV 87.5 MPH)
|
|
Batting: RHB Eddie Serna
|
0-0: Called Strike 0-1: Ball 1-1: Ground out 6-3 (Groundball, 6, EV 90.6 MPH)
|
| Bottom of the 5th over - 0 runs, 0 hits, 0 errors, 0 left on base; Cincinnati (NYP) 2 - Williamsport 1 |
| TOP OF THE 6TH |
|
Cincinnati (NYP) Reds batting - Pitching for Williamsport Crosscutters : RHP Danny Dean
|
|
Batting: SHB Cesar Pelayo
|
0-0: Ball 1-0: Fly out, F9 (Flyball, 9, EV 91.9 MPH)
|
|
Batting: RHB Andy Bachman
|
0-0: Swinging Strike 0-1: Ball 1-1: Called Strike 1-2: Ball 2-2: Ball 3-2: Foul Ball, location: 2F 3-2: Ground out 4-3 (Groundball, 4, EV 108.1 MPH)
|
|
Batting: RHB Chris Christaldi
|
0-0: Ball 1-0: Foul Ball, location: 2F 1-1: Foul Ball, location: 2F 1-2: Fly out, F8 (Flyball, 8RM, EV 91.9 MPH)
|
| Top of the 6th over - 0 runs, 0 hits, 0 errors, 0 left on base; Cincinnati (NYP) 2 - Williamsport 1 |
| BOTTOM OF THE 6TH |
|
Williamsport Crosscutters batting - Pitching for Cincinnati (NYP) Reds : RHP Toby Riley
|
|
Batting: LHB Ryan Young
|
0-0: Ball 1-0: Swinging Strike 1-1: Swinging Strike 1-2: Ball 2-2: Strikes out swinging
|
|
Batting: LHB Jean-Claude Vanbiesbrouck
|
0-0: Called Strike 0-1: Foul Ball, location: 2F 0-2: Ball 1-2: Foul Ball, location: 2F 1-2: Ball 2-2: Foul Ball, location: 2F 2-2: Ball 3-2: Foul Ball, location: 2F 3-2: Base on Balls
|
|
Batting: LHB Dennis French
|
0-0: Ball 1-0: Ball 2-0: Foul Ball, location: 2F 2-1: Called Strike 2-2: Strikes out looking
|
|
Batting: RHB Teh-huai Jiang
|
0-0: Ball Jean-Claude Vanbiesbrouck steals 2nd base 1-0: Fly out, F8 (Flyball, 8RXD, EV 90.6 MPH)
|
| Bottom of the 6th over - 0 runs, 0 hits, 0 errors, 1 left on base; Cincinnati (NYP) 2 - Williamsport 1 |
| TOP OF THE 7TH |
|
Cincinnati (NYP) Reds batting - Pitching for Williamsport Crosscutters : RHP Danny Dean
|
|
Pitching: LHP Dan Luckhardt
|
|
|
Batting: LHB Alex Ramos
|
0-0: Ball 1-0: Ball 2-0: Ball 3-0: Called Strike 3-1: Base on Balls
|
|
Batting: LHB Fernando Gomez
|
0-0: Ball 1-0: Ball 2-0: Reached on error, E8 (Line Drive, 8LD, EV 86.2 MPH) Alex Ramos to second
|
|
Pitching: RHP Tim Starks
|
|
|
Batting: RHB Yutaka Sato
|
0-0: Ball 1-0: Called Strike 1-1: Fly out, F7 (Flyball, 7S, EV 88.8 MPH)
|
|
Batting: RHB Emanuel Estrada
|
0-0: Called Strike 0-1: SINGLE (Flyball, 8RS, EV 98.8 MPH) Alex Ramos to third Fernando Gomez to second
|
|
Batting: LHB Mike Becerra
|
0-0: Called Strike 0-1: Ball 1-1: Fly out, F3 (Line Drive, 3L, EV 68.8 MPH) Lined into DP, U3 (Line Drive, 3L, EV 66.2 MPH)
|
| Top of the 7th over - 0 runs, 1 hit, 1 error, 2 left on base; Cincinnati (NYP) 2 - Williamsport 1 |
| BOTTOM OF THE 7TH |
|
Williamsport Crosscutters batting - Pitching for Cincinnati (NYP) Reds : RHP Toby Riley
|
|
Pinch Hitting: LHB Jason Duda
|
0-0: Ball 1-0: Ground out U3 (Groundball, 3, EV 101.2 MPH)
|
|
Pitching: RHP Gilbert Paparelli
|
|
|
Batting: LHB Bryant Dill
|
0-0: Ball 1-0: Ground out 1-3 (Groundball, P, EV 63.8 MPH)
|
|
Batting: RHB Steve Kirby
|
0-0: Ball 1-0: Ball 2-0: Ball 3-0: Base on Balls
|
|
Batting: RHB Allen Deschamps
|
0-0: Called Strike 0-1: Swinging Strike 0-2: Strikes out swinging
|
| Bottom of the 7th over - 0 runs, 0 hits, 0 errors, 1 left on base; Cincinnati (NYP) 2 - Williamsport 1 |
| TOP OF THE 8TH |
|
Cincinnati (NYP) Reds batting - Pitching for Williamsport Crosscutters : RHP Tim Starks
|
|
Now at 1B: Jason Duda
|
|
|
Batting: RHB Adrian Billups
|
0-0: Called Strike 0-1: Ball 1-1: Called Strike 1-2: Ball 2-2: Foul Ball, location: 2F 2-2: Foul Ball, location: 2F 2-2: Strikes out looking
|
|
Batting: SHB Cesar Pelayo
|
0-0: Ball 1-0: Reached on error, E6 (Groundball, 6S, EV 86.2 MPH)
|
|
Batting: RHB Andy Bachman
|
0-0: Foul Ball, location: 2F 0-1: Ball 1-1: Swinging Strike 1-2: Hit by Pitch Cesar Pelayo to second
|
|
Batting: RHB Chris Christaldi
|
0-0: Foul Ball, location: 2F 0-1: Fielders Choice at 2nd, 6-4 (Groundball, 6M, EV 91.9 MPH) Cesar Pelayo to third
|
|
Batting: LHB Alex Ramos
|
0-0: Ball 1-0: Foul Ball, location: 2F 1-1: Ball 2-1: Called Strike 2-2: Ball 3-2: Base on Balls Chris Christaldi to second
|
|
Batting: LHB Fernando Gomez
|
0-0: Ball 1-0: Foul Ball, location: 2F 1-1: Ball 2-1: Ground out 4-3 (Groundball, 4, EV 88.1 MPH)
|
| Top of the 8th over - 0 runs, 0 hits, 1 error, 3 left on base; Cincinnati (NYP) 2 - Williamsport 1 |
| BOTTOM OF THE 8TH |
|
Williamsport Crosscutters batting - Pitching for Cincinnati (NYP) Reds : RHP Gilbert Paparelli
|
|
Batting: RHB Eddie Serna
|
0-0: SINGLE (Flyball, 3D, EV 86.2 MPH)
|
|
Batting: LHB Ryan Young
|
0-0: Ball 1-0: Ball 2-0: Bunted foul 2-1: Bunted foul 2-2: Fly out, F8 (Flyball, 8LM, EV 89.4 MPH)
|
|
Batting: LHB Jean-Claude Vanbiesbrouck
|
0-0: Ball 1-0: Swinging Strike 1-1: Fly out, F7 (Flyball, 7, EV 81.2 MPH)
|
|
Batting: LHB Dennis French
|
0-0: Called Strike 0-1: Ball 1-1: Ball 2-1: Foul Ball, location: 2F 2-2: Foul Ball, location: 2F 2-2: Ball 3-2: Ground out 4-3 (Groundball, 4, EV 78.1 MPH)
|
| Bottom of the 8th over - 0 runs, 1 hit, 0 errors, 1 left on base; Cincinnati (NYP) 2 - Williamsport 1 |
| TOP OF THE 9TH |
|
Cincinnati (NYP) Reds batting - Pitching for Williamsport Crosscutters : RHP Tim Starks
|
|
Pinch Hitting: LHB Cesar Arteaga
|
0-0: Ball 1-0: Foul Ball, location: 2F 1-1: Ball 2-1: Ball 3-1: Swinging Strike 3-2: Foul Ball, location: 2F 3-2: Foul Ball, location: 2F 3-2: Base on Balls
|
|
Pitching: LHP Chad Torres
|
|
|
Batting: RHB Emanuel Estrada
|
0-0: Fly out, F9 (Flyball, 9, EV 88.1 MPH)
|
|
Pinch Hitting: SHB David Garnica
|
0-0: Swinging Strike 0-1: Fielders Choice at 2nd, 5-4 (Groundball, 56S, EV 84.4 MPH)
|
|
Batting: RHB Adrian Billups
|
0-0: Ball 1-0: Foul Ball, location: 2F 1-1: Swinging Strike 1-2: Strikes out swinging
|
| Top of the 9th over - 0 runs, 0 hits, 0 errors, 1 left on base; Cincinnati (NYP) 2 - Williamsport 1 |
| BOTTOM OF THE 9TH |
|
Williamsport Crosscutters batting - Pitching for Cincinnati (NYP) Reds : RHP Gilbert Paparelli
|
|
Pitching: RHP Kevin Nabity
|
|
|
Now at 1B: Dave Ruiz
|
|
|
Now at 2B: Brandon Sarni
|
|
|
Now at SS: Fernando Gomez
|
|
|
Now in LF: Badr al Din Ridha
|
|
|
Now in RF: David Garnica
|
|
|
Batting: RHB Teh-huai Jiang
|
0-0: Ball 1-0: Foul Ball, location: 2F 1-1: Ball 2-1: Swinging Strike 2-2: Ball 3-2: Foul Ball, location: 2F 3-2: Strikes out swinging
|
|
Batting: LHB Jason Duda
|
0-0: Foul Ball, location: 2F 0-1: Foul Ball, location: 2F 0-2: Ball 1-2: Ground out U3 (Groundball, 34, EV 103.8 MPH)
|
|
Batting: LHB Bryant Dill
|
0-0: Called Strike 0-1: Ground out 4-3 (Groundball, 4, EV 85.6 MPH)
|
| Bottom of the 9th over - 0 runs, 0 hits, 0 errors, 0 left on base; Cincinnati (NYP) 2 - Williamsport 1 |
|